 Dungeon Crawl Stone Soup version 0.31-a0-460-g9e667d4245 (webtiles) character file.

Game seed: 10185564659129841757

159814 kae the Warrior (level 17, -6/209 HPs)
             Began as a Purple Draconian Shapeshifter on Aug 4, 2023.
             Was the Champion of Wu Jian.
             Killed from afar by a spriggan druid (22 damage)
             ... with a stone arrow
             ... on level 4 of the Swamp.
             The game lasted 00:25:16 (28577 turns).

kae the Warrior (Purple Draconian Shapeshifter)    Turns: 28577, Time: 00:25:17

Health: -6/209     AC: 32    Str: 19    XL:     17   Next: 17%
Magic:  0/23       EV: 16    Int: 10    God:    Wu Jian [******]
Gold:   3239       SH:  0    Dex: 17    Spells: 24/24 levels left

rFire   . .          .
                       - Unarmed
rCold   . . .        (no shield)
rNeg    + . .        (body armour unavailable)
rPois   ∞            (helmet restricted)
rElec   +            (no cloak)
rCorr   .            (gloves currently unavailable)
SInv    .            (boots currently unavailable)
Will    ++...        G - amulet of guardian spirit
Stlth   ++           O - +4 ring of protection
HPRegen 0.54/turn    Y - +4 ring of slaying
MPRegen 0.18/turn

%: guardian spirit
@: statue-form, studying 2 skills, very slow
A: slow and powerful, torment resistance 1, boosted hp, (breathe power), AC +9,
unfitting armour, cold-blooded
a: Begin Untransformation, Renounce Religion, Wall Jump, Serpent's Lash,
Heavenly Storm


You were on level 4 of the Swamp.
You worshipped Wu Jian.
Wu Jian was exalted by your worship.
You were a living statue of rough stone.
You visited 5 branches of the dungeon, and saw 27 of its levels.
You also visited: Volcano.

You collected 3309 gold pieces.
You spent 70 gold pieces at shops.


Innate Abilities, Weirdness & Mutations

You are a living statue of rough stone.
Your actions are slow, but your melee attacks are powerful.
You are resistant to unholy torment.
Your maximum health is greatly increased.
Your equipment is partially melded.
((You can breathe bolts of dispelling energy.))
((Your rich purple scales are hard. (AC +9)))
You cannot fit into any form of body armour.
You are immune to poison.
You are cold-blooded and may be slowed by cold attacks.


   Skills:
 - Level 17.0 Fighting
 - Level 7.1 Dodging
 + Level 16.2 Unarmed Combat
 - Level 4.3 Spellcasting
 - Level 8.5 Evocations
 + Level 15.8 Shapeshifting


You had 24 spell levels left.
You didn't know any spells.
Your spell library contained the following spells:

 Spells                   Type           Power      Damage    Failure   Level
 Cigotuvi's Dreadful Rot  Necr/Pois/Air  4%         N/A       36%         2
 Poisonous Vapours        Pois/Air       4%         N/A       36%         2
 Scorch                   Fire           4%         2d5       36%         2
 Wereblood                Tmut           2%         N/A       36%         2
 Call Canine Familiar     Summ           2%         N/A       58%         3
 Dazzling Flash           Conj/Hex       4%         N/A       58%         3
 Gell's Gravitas          Tloc           2%         N/A       58%         3
 Hailstorm                Conj/Ice       2%         3d3       58%         3
 Ignite Poison            Fire/Tmut/Pois 2%         N/A       58%         3
 Inner Flame              Hex/Fire       2%         N/A       58%         3
 Mephitic Cloud           Conj/Pois/Air  2%         N/A       58%         3
 Portal Projectile        Hex/Tloc       4%         N/A       58%         3
 Summon Guardian Golem    Hex/Summ       2%         N/A       58%         3
 Teleport Other           Tloc           2%         N/A       58%         3
 Flame Wave               Conj/Fire      2%         2d4       94%         4
 Leda's Liquefaction      Hex/Erth       1%         N/A       94%         4
 Summon Ice Beast         Ice/Summ       2%         N/A       94%         4
 Agony                    Necr           2%         N/A       100%        5
 Freezing Cloud           Conj/Ice/Air   1%         6-21      100%        5
 Irradiate                Conj/Tmut      1%         3d12      100%        5
 Lee's Rapid Deconstruct  Erth           1%         3d4*      100%        5
 Silence                  Hex/Air        1%         N/A       100%        5
 Yara's Violent Unravell  Hex/Tmut       1%         3d3       100%        5
 Dispersal                Tloc           1%         N/A       100%        6
 Leda's Unmaking          Conj/Erth      1%         9d1       100%        6
 Simulacrum               Ice/Necr       1%         N/A       100%        6
 Summon Cactus Giant      Summ           1%         N/A       100%        6
 Enfeeble                 Hex            1%         N/A       100%        7
 Orb of Destruction       Conj           1%         9d5       100%        7
 Spellforged Servitor     Conj/Summ      1%         N/A       100%        7

Inventory:

Missiles
 U - 5 curare-tipped darts {=f}
Magical Staves
 z - a staff of earth {!a}
   (You found it on level 3 of the Swamp)
Jewellery
 c - a ring of protection from cold
   (You found it on level 10 of the Dungeon)
 o - a +4 ring of protection
   (You found it on level 4 of the Dungeon)
 v - a ring of see invisible
   (You took it off a gnoll sergeant on level 3 of the Dungeon)
 G - an amulet of guardian spirit (around neck)
   (You found it on level 8 of the Dungeon)
 N - a ring of positive energy
   (You found it on level 12 of the Dungeon)
 O - a +4 ring of protection (left fist)
   (You found it on level 1 of the Dungeon)
 P - a ring of poison resistance
   (You found it on level 1 of the Swamp)
 W - a ring of magical power
   (You found it on level 3 of the Lair of Beasts)
 Y - a +4 ring of slaying (right fist)
   (You found it on level 2 of the Dungeon)
Talismans
 b - a beast talisman
 m - a dragon-blood talisman
   (You found it on level 4 of the Dungeon)
 n - a granite talisman (active)
   (You found it on level 5 of the Lair of Beasts)
 B - a serpent talisman
   (You found it on level 8 of the Dungeon)
Wands
 t - a wand of paralysis (5)
   (You took it off Ijyb on level 4 of the Dungeon)
 u - a wand of flame (46)
   (You found it on level 6 of the Dungeon)
 w - a wand of quicksilver (37)
   (You took it off a gnoll on level 3 of the Dungeon)
 x - a wand of polymorph (25)
   (You took it off Sigmund on level 4 of the Dungeon)
 D - a wand of roots (29)
   (You took it off a wight on level 8 of the Dungeon)
 E - a wand of digging (3)
   (You found it on level 10 of the Dungeon)
 M - a wand of mindburst (10)
   (You found it on level 10 of the Dungeon)
Scrolls
 d - 3 scrolls of vulnerability {!r!r}
 h - 2 scrolls of fear
 p - a scroll of acquirement
 r - 3 scrolls of immolation {!r!r}
 s - 2 scrolls of poison
 y - 2 scrolls of enchant weapon
 H - 8 scrolls of identify {@r1}
 J - 2 scrolls of silence {!r}
 K - 4 scrolls of blinking {!r}
 Q - a scroll of butterflies
 X - 3 scrolls of teleportation {@r4}
Potions
 a - 5 potions of lignification {!q}
 e - 5 potions of brilliance
 f - 2 potions of magic
 g - 13 potions of curing {@q1}
 i - 7 potions of ambrosia
 j - 2 potions of attraction {!q}
 k - 2 potions of resistance
 l - 10 potions of enlightenment
 q - 2 potions of invisibility
 A - 5 potions of haste {@q3}
 F - 5 potions of mutation {!q}
 L - 3 potions of cancellation
 S - a potion of berserk rage {!q}

Dungeon Overview and Level Annotations

Branches:
Dungeon (15/15) Zot: 25904  Temple (1/1) D:5 Zot: 5979    Lair (5/5) D:8 Zot: 23584
  Swamp (4/4) Lair:3 Zot: 20130  Spider (0/4) Lair:2        Slime (0/5) Lair:5
    Orc (2/2) D:11 Zot: 9813     Elf (0/3) Orc:2        Vaults (0/5) D:13
 Depths (0/4) D:15        Volcano (visited)

Altars:
Ashenzari
Cheibriados
Dithmenos
Elyvilon
Fedhas
Gozag
Hepliaklqana
Kikubaaqudgha
Makhleb
Nemelex Xobeh
Okawaru
Qazlal
Ru
Sif Muna
Trog
Uskayaw
Vehumet
Wu Jian
Xom
Yredelemnul
Zin
The Shining One
Jiyva

Shops:
D:9 *   D:10 *   Orc:2 [[?=

~~~~~..~.♣♣
..§~~.~~~.♣♣
..~~~.~~~~.♣
...~~.§§~~~♣♣
♣..~..~†§~~.♣♣
~~.~.~~..~~~~♣
~k.♣.~§~$.[~~♣
♣♣♣..~~~R..~.♣
♣~.~~.~8i♣♣♣♣
..~~~.~.†♣♣
~~~~~.$D~.
♣§.~~~.~~§.
##~~D.§~~~.~
#♣..~~.~~♣♣♣
#D~..~...
.^~.~~..~


You could see an eleionoma (poisoned), a seven-headed hydra, a five-headed
hydra, a swamp dragon (fleeing), a spriggan druid and a swamp drake (fleeing).


Message History

The four-headed hydra bites you but does no damage. x2
The will-o-the-wisp engulfs you!
* * * LOW HITPOINT WARNING * * *
The swamp dragon completely misses you. The swamp dragon claws you.
* * * LOW HITPOINT WARNING * * *
The swamp dragon misses you.
A lindwurm comes into view.
The seven-headed hydra bites you but does no damage.
The seven-headed hydra barely misses you.
The seven-headed hydra completely misses you.
The seven-headed hydra bites you but does no damage. x2
The seven-headed hydra bites you.
* * * LOW HITPOINT WARNING * * *
The seven-headed hydra bites you but does no damage.
The four-headed hydra closely misses you.
The four-headed hydra misses you. The four-headed hydra bites you.
* * * LOW HITPOINT WARNING * * *
The four-headed hydra bites you.
* * * LOW HITPOINT WARNING * * *
😱 HP[-19] MP[-5]
You take 19 damage, and now have 45/209 hp.
You lost 5 mp, and now have 5/23 mp.
Unknown command.
You pummel the seven-headed hydra like a punching bag!!!
You kill the seven-headed hydra!
The Council accepts your kill. The will-o-the-wisp engulfs you.
* * * LOW HITPOINT WARNING * * *
The four-headed hydra bites you but does no damage.
The four-headed hydra closely misses you.
The four-headed hydra bites you but does no damage.
The four-headed hydra bites you.
* * * LOW HITPOINT WARNING * * *
😱 HP[-5]
You take 5 damage, and now have 40/209 hp.
As you read the scroll of fear, it crumbles to dust.
You assume a fearsome visage.
The lindwurm looks frightened!
The swamp drake looks frightened!
The swamp dragon easily resists.
The swamp dragon looks frightened!
The swamp drake looks frightened!
The spriggan druid resists with almost no effort.
The lindwurm looks frightened!
The five-headed hydra looks frightened!
The four-headed hydra looks frightened!
The will-o-the-wisp is unaffected.
The eleionoma looks frightened!
The will-o-the-wisp closely misses you.
A swamp drake comes into view.
The spriggan druid completely misses you.
The eleionoma is engulfed in poison gas.
The eleionoma is poisoned.
You miss the spriggan druid. You tail-slap the spriggan druid.
The will-o-the-wisp engulfs you.
* * * LOW HITPOINT WARNING * * *
The spriggan druid hits you but does no damage. 😱 MP[-1]
You lost 1 mp, and now have 4/23 mp.
Unknown command.
You lunge at the eleionoma.
You squash the eleionoma like an ant!!!
Your attack snaps the eleionoma out of its fear.
Your punch misses the eleionoma.
You spin and attack the swamp dragon repeatedly.
You punch the swamp dragon! You pummel the swamp dragon!!
You kill the swamp dragon!
The Council accepts your kill.
You hear a splash.
The swamp dragon scales are intact enough to wear.
You spin and attack the spriggan druid.
You barely miss the spriggan druid.
You spin and attack the will-o-the-wisp repeatedly.
You squash the will-o-the-wisp like an ant!!!
You destroy the will-o-the-wisp!
The Council accepts your kill. The eleionoma barely misses you.
The spriggan druid hits you with a +0 quarterstaff!
* * * LOW HITPOINT WARNING * * *
A seven-headed hydra comes into view. 😱 HP[-7]
You take 7 damage, and now have 33/209 hp.
You spin and attack the spriggan druid repeatedly.
You punch the spriggan druid!
Your tail-slap misses the spriggan druid.
You closely miss the spriggan druid.
Your tail-slap misses the spriggan druid.
You spin and attack the eleionoma.
You barely miss the eleionoma.
The eleionoma splashes around in the water.
The spriggan druid hits you but does no damage.
The eleionoma misses you.
The spriggan druid casts a spell at you.
The stone arrow hits you!!
* * * LOW HITPOINT WARNING * * *
There is a stone staircase leading up, spattered with blood here. 😱 HP[-18] MP[-1]
You take 18 damage, and now have 15/209 hp.
You lost 1 mp, and now have 3/23 mp.
Unknown command.
The five-headed hydra seems to regain its courage.
The eleionoma hurls a spray of splinters at you.
The spray of wooden splinters hits you but does no damage.
The spray of wooden splinters hits the swamp drake!!!
The swamp drake dies!
The spriggan druid casts a spell at you.
The stone arrow hits you!!
You die...

Skill      XL: |  1  2  3  4  5  6  7  8  9 10 11 12 13 14 15 16 17 |
---------------+----------------------------------------------------+-----
Shapeshifting  | 4 5 7 9 10 13 15 | 15.8
Unarmed Combat | 4 5 6 7 9 10 13 15 16 | 16.2
Fighting       | 7 9 10 15 17 | 17.0
Dodging        | 5 7 |  7.1
Spellcasting   | 4 |  4.3
Evocations     | 4 8 |  8.5

Action                     |  1- 3 |  4- 6 |  7- 9 | 10-12 | 13-15 | 16-18 || total
---------------------------+-------+-------+-------+-------+-------+-------++-------
  Melee: Unarmed           |    62 |    89 |   206 |   432 |   552 |   465 ||  1806
         Tailslap          |     5 |    13 |    27 |    27 |    76 |    71 ||   219
         Punch             |     1 |     4 |     8 |    10 |    47 |    42 ||   112
         Constrict         |       |       |       |    66 |       |       ||    66
         Bite              |       |       |       |    25 |    68 |    22 ||   115
 Invoke: Heavenly Storm    |       |       |       |       |     1 |       ||     1
Ability: Breathe Dispellin |       |       |    13 |     1 |     1 |     1 ||    16
         Lunge             |       |       |    17 |    45 |    49 |    29 ||   140
         Whirlwind         |       |       |     4 |    15 |    53 |    20 ||    92
    Use: Scroll            |       |    14 |     7 |     5 |     3 |     4 ||    33
         Potion            |       |       |     1 |     1 |     2 |       ||     4
   Stab: Distracted        |       |     1 |       |       |       |       ||     1
         Sleeping          |       |       |     1 |     1 |     3 |     2 ||     7
         Petrified         |       |       |       |     2 |       |       ||     2
 Armour: Skin              |    21 |    25 |    74 |   324 |   313 |   446 ||  1203
  Dodge: Dodged            |    22 |    44 |    89 |   256 |   305 |   414 ||  1130
   Form: Anaconda          |       |       |       |     1 |       |       ||     1
         Dragon            |       |       |       |     1 |       |       ||     1
         Statue            |       |       |       |       |       |     1 ||     1

Levels and vault maps discovered:
D:1:      tarquinn_simple_flora_water_e, layout_loops_corners,
          grunt_decor_one_mirror, feat_on_display
D:2:      minmay_door_path, layout_rooms
D:3:      layout_loops_cross, minmay_overflow_temple_star_hex,
          gammafunk_ghost_gnarly_gnolls, uniq_robin
D:4:      layout_basic, kennysheep_pointless_box, hellmonk_no_cap, uniq_ijyb,
          uniq_sigmund, uniq_natasha, uniq_menkaure
D:5:      layout_basic, tgw_sif, minmay_temple_entry_poolview
D:6:      layout_loops_ring
D:7:      layout_basic, nemelex_diamond_rough_becter
D:8:      layout_basic, erik_lair_orcish_takeover, uniq_amaemon
D:9:      layout_roguey, mainiacjoe_overflow_24_doors, nicolae_ru_awakened_eye,
          serial_shops, nicolae_shop_statue_plus, kennysheep_path_1,
          minmay_microvault
D:10:     layout_loops_corners, grunt_temple_overflow_order_and_chaos_2,
          nicolae_shop_gadgets, uniq_snorg
D:11:     layout_basic, minmay_orc_entry_temple_small, uniq_psyche
D:12:     layout_long_grid
D:13:     layout_stronghold, david_vaults_5, nicolae_dithmenos_the_darkroom
D:14:     layout_basic
D:15:     hellmonk_depths_entry_around_the_bend, layout_cave_pods,
          serial_demonic, serial_demonic_e, serial_demonic_c, serial_demonic_d,
          serial_demonic_a, okawaru_ov_weapons_minmay, minivault_7
Temple:   jpeg_temple_clearing
Lair:1:   layout_hall_layers, serial_bayou_shore_b, infiniplex_staircase_pool_2,
          grunt_megastairs_2
Lair:2:   layout_chaotic_city, nicolae_spider_entry_lesser_pyramids,
          chequers_serial_rivers_small_a
Lair:3:   layout_loops_ring, alex1729_swamp_entry_worm_eleionoma,
          grunt_megastairs_4, uniq_josephine, uniq_kirke, uniq_nessos
Lair:4:   layout_cellular_growth, nicolae_volcano_entry_hallway
Lair:5:   grunt_lair_end_beastmaster, layout_layer_cave, slime_entry_1,
          serial_bayou_shore_b
Swamp:1:  nicolae_swamp_ascending_descending_big, layout_basic_swamp,
          evilmike_swamp_ruin_house_1, statue_in_the_mist_lemuel
Swamp:2:  layout_falls_marsh, evilmike_swamp_ruin_rubble_1, swamp_pool3,
          nicolae_swamp_feature_on_the_river_bank
Swamp:3:  layout_falls_marsh, serial_swamp_ruin, evilmike_swamp_ruin_house_3,
          evilmike_swamp_ruin_rubble_2
Swamp:4:  swamp_alternative, layout_basic_swamp, infiniplex_staircase_pool
Orc:1:    layout_caves, uniq_erolcha
Orc:2:    st_orc_ogre_mass, layout_caves, ebering_ghost_inner_flame,
          basic_altar, uniq_azrael, uniq_maurice

Notes
Turn   | Place    | Note
-------+----------+-------------------------------------------
     0 | D:1      | kae the Draconian Shapeshifter began the quest for the Orb.
     0 | D:1      | Reached XP level 1. HP: 16/16 MP: 1/1
     0 | D:1      | magus.rc [v1.11.3]
   376 | D:1      | Reached XP level 2. HP: 23/23 MP: 2/2
  1132 | D:2      | Reached XP level 3. HP: 28/28 MP: 3/3
  1341 | D:2      | Identified the +0 chain mail of Narcissism {rN+}
  1600 | D:3      | Noticed Robin
  1614 | D:3      | Killed Robin
  1615 | D:3      | Reached skill level 4 in Shapeshifting
  1620 | D:3      | Reached XP level 4. HP: 35/35 MP: 4/4
  1723 | D:3      | Found a transporter.
  2000 | D:3      | Found a transporter.
  2138 | D:3      | Found an opulent altar of Gozag.
  2142 | D:3      | Found a hide-covered altar of Uskayaw.
  2142 | D:3      | Found a snail-covered altar of Cheibriados.
  2163 | D:3      | Found a blossoming altar of Fedhas.
  2166 | D:3      | Found a hazy altar of Hepliaklqana.
  2241 | D:3      | Noticed TobyConnect's ghost (amateur DsSh)
  2586 | D:4      | Reached skill level 4 in Unarmed Combat
  2663 | D:4      | Noticed Sigmund
  2684 | D:4      | Noticed Ijyb
  2708 | D:4      | Paralysed by Ijyb for 5 turns
  2719 | D:4      | Killed Ijyb
  2720 | D:4      | Reached XP level 5. HP: 38/40 MP: 5/5
  2852 | D:4      | Noticed an ogre
  2853 | D:4      | Noticed Natasha
  2853 | D:4      | Noticed Menkaure
  2863 | D:4      | Killed an ogre
  2864 | D:4      | Reached skill level 5 in Shapeshifting
  2864 | D:4      | Reached XP level 6. HP: 47/47 MP: 6/6
  3545 | D:5      | Entered Level 5 of the Dungeon
  3703 | D:5      | Reached skill level 5 in Unarmed Combat
  3782 | D:5      | You pick up a book of the Senses and begin reading...
  3782 | D:5      | You add the spells Dazzling Flash, Agony and Silence to
                  | your library.
  3795 | D:5      | Your scales start taking on a rich purple colour.
  3795 | D:5      | Reached XP level 7. HP: 45/52 MP: 7/7
  3939 | D:5      | Reached skill level 6 in Shapeshifting
  3982 | D:5      | Reached skill level 6 in Unarmed Combat
  4112 | D:5      | You pick up a book of Dangerous Friends and begin
                  | reading...
  4112 | D:5      | You add the spells Summon Guardian Golem, Orb of
                  | Destruction and Spellforged Servitor to your library.
  4140 | D:5      | Reached skill level 7 in Shapeshifting
  4140 | D:5      | Reached XP level 8. HP: 27/59 MP: 8/8
  4547 | D:5      | Found a shimmering blue altar of Sif Muna.
  4644 | D:5      | Found a staircase to the Ecumenical Temple.
  4653 | Temple   | Entered the Ecumenical Temple
  4663 | Temple   | Became a worshipper of the Wu Jian Council
  5020 | D:6      | Reached skill level 8 in Shapeshifting
  5121 | D:6      | Reached skill level 7 in Unarmed Combat
  5440 | D:4      | Killed Natasha
  5471 | D:4      | Noticed Natasha
  5483 | D:4      | Killed Natasha
  5498 | D:4      | Killed Menkaure
  5532 | D:4      | Killed Sigmund
  5533 | D:4      | Reached skill level 9 in Shapeshifting
  5533 | D:4      | Reached XP level 9. HP: 64/64 MP: 9/9
  5950 | D:4      | Noticed Natasha
  5956 | D:4      | Killed Natasha
  6036 | D:4      | You add the spells Cigotuvi's Dreadful Rot, Ignite Poison
                  | and Freezing Cloud to your library.
  6203 | D:3      | Killed TobyConnect's ghost
  6204 | D:3      | Reached * piety under Wu Jian
  6509 | D:7      | Reached skill level 10 in Shapeshifting
  6518 | D:7      | Reached skill level 3 in Fighting
  6668 | D:7      | Reached skill level 4 in Fighting
  6904 | D:7      | Found a sparkling altar of Nemelex Xobeh.
  6983 | D:7      | Reached skill level 5 in Fighting
  7279 | D:7      | Reached skill level 6 in Fighting
  7288 | D:7      | HP: 18/78 [vampire mosquito (3)]
  7295 | D:7      | Reached skill level 7 in Fighting
  7295 | D:7      | Reached XP level 10. HP: 16/86 MP: 10/10
  7569 | D:8      | Found a staircase to the Lair.
  7586 | D:8      | Reached skill level 2 in Dodging
  7781 | D:8      | Noticed Amaemon
  7786 | D:8      | Noticed an orange demon
  7793 | D:8      | Killed Amaemon
  7794 | D:8      | Reached skill level 3 in Dodging
  7797 | D:8      | Killed an orange demon
  7832 | D:8      | Reached ** piety under Wu Jian
  7833 | D:8      | Reached skill level 8 in Unarmed Combat
  7846 | D:8      | Reached skill level 4 in Dodging
  8262 | D:8      | Noticed a two-headed ogre
  8270 | D:8      | Killed a two-headed ogre
  8595 | D:9      | Found Qosey's General Store.
  8602 | D:9      | Bought a potion of curing for 36 gold pieces
  8728 | D:9      | You pick up a book of Changes and begin reading...
  8728 | D:9      | You add the spells Wereblood and Irradiate to your library.
  8730 | D:9      | Found a sacrificial altar of Ru.
  8968 | D:9      | Found a glowing golden altar of the Shining One.
  8979 | D:9      | Reached skill level 5 in Dodging
  9033 | D:9      | Noticed a two-headed ogre
  9035 | D:9      | Killed a two-headed ogre
  9036 | D:9      | Reached skill level 9 in Unarmed Combat
  9036 | D:9      | Reached XP level 11. HP: 92/92 MP: 11/11
  9102 | D:9      | Reached skill level 11 in Shapeshifting
  9288 | D:10     | Entered Level 10 of the Dungeon
  9314 | D:10     | Noticed a two-headed ogre
  9319 | D:10     | Killed a two-headed ogre
  9355 | D:10     | Found a burning altar of Makhleb.
  9361 | D:10     | Found a glowing silver altar of Zin.
  9361 | D:10     | Noticed a green death
  9361 | D:10     | Noticed an angel
  9599 | D:10     | Noticed a two-headed ogre
  9609 | D:10     | Killed a two-headed ogre
  9727 | D:10     | You fall into a shaft and drop 2 floors!
  9733 | D:12     | Noticed a two-headed ogre
  9744 | D:12     | Killed a two-headed ogre
  9749 | D:12     | Reached skill level 10 in Unarmed Combat
 10089 | D:10     | Noticed Snorg
 10099 | D:10     | Killed Snorg
 10100 | D:10     | Reached skill level 12 in Shapeshifting
 10437 | D:10     | Reached *** piety under Wu Jian
 10485 | D:10     | You add the spells Gell's Gravitas, Teleport Other and
                  | Dispersal to your library.
 10508 | D:10     | Found Maigg's Gadget Gallery.
 10535 | D:10     | You pick up a book of Vapours and begin reading...
 10535 | D:10     | You add the spells Poisonous Vapours and Mephitic Cloud to
                  | your library.
 10589 | D:11     | Noticed a two-headed ogre
 10720 | D:11     | Killed a two-headed ogre
 10883 | D:11     | Noticed a two-headed ogre
 10889 | D:11     | Killed a two-headed ogre
 10903 | D:10     | Reached skill level 13 in Shapeshifting
 11205 | D:11     | Reached XP level 12. HP: 100/100 MP: 12/12
 11224 | D:11     | Noticed Psyche
 11234 | D:11     | Killed Psyche
 11357 | D:11     | Noticed a two-headed ogre
 11361 | D:11     | Killed a two-headed ogre
 11507 | D:11     | Found a staircase to the Orcish Mines.
 12951 | Lair:1   | Entered Level 1 of the Lair of Beasts
 12966 | Lair:1   | Reached skill level 14 in Shapeshifting
 12995 | Lair:1   | HP: 31/139 [yak (5)]
 12997 | Lair:1   | Reached **** piety under Wu Jian
 13581 | Lair:1   | Noticed a four-headed hydra
 13591 | Lair:1   | Killed a six-headed hydra
 13594 | Lair:1   | Reached skill level 15 in Shapeshifting
 14119 | Lair:2   | Found a hole to the Spider Nest.
 14125 | Lair:2   | Reached skill level 8 in Fighting
 14428 | Lair:2   | Noticed a boulder beetle
 14441 | Lair:2   | Killed a boulder beetle
 14442 | Lair:2   | Reached skill level 9 in Fighting
 14489 | Lair:2   | Noticed a catoblepas
 14521 | Lair:2   | Killed a catoblepas
 14522 | Lair:2   | Reached XP level 13. HP: 111/111 MP: 13/13
 14675 | Lair:2   | Reached skill level 10 in Fighting
 14958 | Lair:3   | Noticed Josephine
 14958 | Lair:3   | Noticed Kirke
 14961 | Lair:3   | Noticed an eleionoma
 14972 | Lair:2   | Killed Josephine
 15156 | Lair:2   | Killed Kirke
 15181 | Lair:2   | Killed an eleionoma
 15353 | Lair:3   | Reached ***** piety under Wu Jian
 15354 | Lair:3   | Reached skill level 6 in Dodging
 15354 | Lair:3   | Reached skill level 11 in Unarmed Combat
 15798 | Lair:3   | Noticed Nessos
 15807 | Lair:3   | Killed Nessos
 15984 | Lair:3   | Found a staircase to the Swamp.
 16276 | Lair:4   | Reached skill level 12 in Unarmed Combat
 16395 | Lair:4   | Found a dark tunnel.
 16402 | Volcano  | Entered a volcano
 16422 | Volcano  | Reached skill level 7 in Dodging
 16859 | Volcano  | Found a bloodstained altar of Trog.
 16872 | Volcano  | HP: 36/169 [salamander/+2 glaive (13)]
 17287 | Volcano  | Reached skill level 13 in Unarmed Combat
 17489 | Lair:4   | Identified a potion of experience
 17490 | Lair:4   | Reached skill level 4 in Spellcasting
 17490 | Lair:4   | Reached skill level 4 in Evocations
 17490 | Lair:4   | Reached XP level 14. HP: 121/121 MP: 13/20
 18384 | Lair:5   | Entered Level 5 of the Lair of Beasts
 18396 | Lair:5   | Reached XP level 15. HP: 126/126 MP: 21/21
 18449 | Lair:5   | Reached skill level 14 in Unarmed Combat
 18495 | Lair:5   | Reached skill level 15 in Unarmed Combat
 18498 | Lair:5   | HP: 42/189 [hell rat (7)]
 18503 | Lair:5   | HP: 32/192 [death yak (7)]
 18509 | Lair:5   | HP: 16/192 [yak (5)]
 18513 | Lair:5   | Reached skill level 11 in Fighting
 18514 | Lair:5   | HP: 12/193 [yak (6)]
 18521 | Lair:5   | HP: 13/195 [deep troll shaman (2)]
 18525 | Lair:5   | HP: 3/198 [yak (5)]
 18534 | Lair:5   | HP: 23/198 [blink frog (3)]
 18537 | Lair:5   | Reached skill level 12 in Fighting
 18953 | Lair:5   | Found a staircase to the Slime Pits.
 18976 | Lair:5   | Found a viscous altar of Jiyva.
 20063 | Lair:1   | Identified the +1 ring mail of Hoilool {rC++ Dex-5}
 20132 | Orc:1    | Entered Level 1 of the Orcish Mines
 20482 | Orc:2    | Entered Level 2 of the Orcish Mines
 20492 | Orc:2    | Noticed Maurice
 20514 | Orc:2    | Killed Maurice
 20527 | Orc:2    | Reached skill level 13 in Fighting
 20546 | Orc:2    | Reached ****** piety under Wu Jian
 20556 | Orc:2    | HP: 50/205 [two-headed ogre/+0 giant spiked club (12)]
 20564 | Orc:2    | Reached skill level 14 in Fighting
 20570 | Orc:2    | Found Zuug's Armour Shoppe.
 20570 | Orc:2    | Found Xihion's Magic Scroll Boutique.
 20570 | Orc:2    | Found Koluf's Armour Boutique.
 20570 | Orc:2    | Found Rocoatz's Jewellery Emporium.
 20574 | Orc:2    | HP: 50/207 [ogre/+0 giant spiked club (9)]
 20579 | Orc:2    | HP: 49/207 [orc/+0 dagger (3)]
 21270 | Orc:2    | Bought a scroll of identify for 34 gold pieces
 21285 | Orc:2    | Found a staircase to the Elven Halls.
 21579 | Orc:2    | Noticed Azrael
 21586 | Orc:2    | Killed Azrael
 21588 | Orc:2    | Reached skill level 15 in Fighting
 21737 | Orc:2    | Found a runed translucent door.
 21738 | Orc:2    | Noticed gruber's ghost (journeyman TrSh)
 21942 | Orc:2    | Killed gruber's ghost
 21945 | Orc:2    | Reached XP level 16. HP: 149/149 MP: 16/22
 21948 | Orc:2    | Identified the +0 ring mail "Vanek" {rN++}
 21950 | Orc:2    | You pick up a book of Misfortune and begin reading...
 21950 | Orc:2    | You add the spells Inner Flame, Yara's Violent Unravelling
                  | and Enfeeble to your library.
 22000 | Orc:1    | Noticed Erolcha
 22117 | Orc:1    | Killed Erolcha
 22454 | D:13     | Found a gate to the Vaults.
 22508 | D:13     | Reached skill level 16 in Fighting
 22602 | D:13     | Found a shadowy altar of Dithmenos.
 23088 | D:13     | You pick up a book of the Hunter and begin reading...
 23088 | D:13     | You add the spells Call Canine Familiar, Portal Projectile
                  | and Leda's Liquefaction to your library.
 23683 | D:14     | Reached skill level 17 in Fighting
 23788 | D:14     | Identified a scroll of acquirement
 23788 | D:14     | Acquired a manual of Transmutations
 23999 | D:14     | Reached skill level 5 in Evocations
 24594 | D:15     | Entered Level 15 of the Dungeon
 24671 | D:15     | Found a staircase to the Depths.
 24673 | D:15     | Reached skill level 6 in Evocations
 24689 | D:15     | Reached skill level 7 in Evocations
 24967 | D:15     | Found an iron altar of Okawaru.
 24979 | D:15     | Identified the +4 falchion of Internal Strife {freeze,
                  | *Corrode Fly rElec Str+4}
 25015 | D:15     | Reached skill level 8 in Evocations
 25918 | Swamp:1  | Entered Level 1 of the Swamp
 26228 | Swamp:1  | You pick up a book of the Tundra and begin reading...
 26228 | Swamp:1  | You add the spells Hailstorm, Summon Ice Beast and
                  | Simulacrum to your library.
 26825 | Swamp:2  | You pick up a book of Scorching and begin reading...
 26825 | Swamp:2  | You add the spells Scorch, Flame Wave and Summon Cactus
                  | Giant to your library.
 27379 | Swamp:2  | You pick up a book of the Earth and begin reading...
 27379 | Swamp:2  | You add the spells Lee's Rapid Deconstruction and Leda's
                  | Unmaking to your library.
 27593 | Swamp:3  | Acquired 785 gold pieces
 27614 | Swamp:3  | Reached XP level 17. HP: 126/161 MP: 16/23
 27836 | Swamp:3  | Reached skill level 16 in Unarmed Combat
 27843 | Swamp:3  | HP: 48/209 [alligator[a spriggan druid] (13)]
 27848 | Swamp:3  | HP: 37/209 [swamp worm[a spriggan druid] (5)]
 27860 | Swamp:3  | HP: 38/209 [constriction (8)]
 28560 | Swamp:4  | Entered Level 4 of the Swamp
 28571 | Swamp:4  | HP: 52/209 [seven-headed hydra (2)]
 28576 | Swamp:4  | HP: 15/209 [spriggan druid/stone arrow (18)]
 28577 | Swamp:4  | Killed from afar by a spriggan druid

Vanquished Creatures
  Kirke (Lair:2)
  The ghost of gruber the Brawler, a journeyman TrSh of Uskayaw (Orc:2)
  Nessos (Lair:3)
  Azrael (Orc:2)
  4 bunyips
  4 eleionomae
  Josephine (Lair:2)
  Snorg (D:10)
  2 ettins
  A shambling mangrove (Swamp:3)
  Erolcha (Orc:1)
  2 ghost crabs
  12 hydras
  A vault guard (D:13)
  7 centaur warriors
  3 catoblepae
  6 ogre magi
  6 alligators
  A deep troll shaman (Lair:5)
  20 two-headed ogres
  3 boulder beetles
  4 death yaks (Lair:5)
  A tengu warrior (D:14)
  A deep troll earth mage (D:15)
  9 spriggans
  A soul eater (D:15)
  Amaemon (D:8)
  A salamander mystic (Volcano)
  A sixfirhy (D:15)
  A hell knight (Volcano)
  2 goliath frogs
  A pharaoh ant (Lair:2)
  3 spriggan druids
  4 swamp dragons
  A glowing orange brain (D:15)
  2 bog bodies (Swamp:1)
  2 lindwurms
  A wizard (D:15)
  6 orc knights
  2 deep elf pyromancers
  A wolf spider (D:13)
  4 cyclopes
  A will-o-the-wisp (Swamp:4)
  2 orc sorcerers
  4 salamanders (Volcano)
  3 manticores
  Maurice (Orc:2)
  16 elephants
  6 black mambas
  An orange demon (D:8)
  2 molten gargoyles (Volcano)
  A smoke demon (D:15)
  An unseen horror (D:12)
  9 cane toads
  3 rime drakes
  2 gargoyles (D:13)
  7 komodo dragons
  A kobold demonologist (D:9)
  2 efreet
  Psyche (D:11)
  A komodo dragon (shapeshifter) (D:15)
  A queen bee (D:15)
  6 trolls
  3 tengu conjurers
  A red devil (D:15)
  A hellwing (D:15)
  A meliai (shapeshifter) (D:15)
  3 meliai (D:15)
  10 hornets
  3 polar bears
  A tarantella (Lair:2)
  The ghost of TobyConnect the Insei, an amateur DsSh (D:3)
  30 blink frogs
  6 tyrant leeches
  A jumping spider (Lair:2)
  Sigmund (D:4)
  9 slime creatures
  A centaur simulacrum (D:15)
  A shadow (D:12)
  A ynoxinul (D:15)
  A spriggan (shapeshifter) (D:13)
  4 fire elementals (Orc:2)
  40 yaks
  4 wraiths (Lair:2)
  2 fire bats (Volcano)
  A wyvern (Lair:1)
  4 steam dragons
  2 basilisks
  21 vampire mosquitoes
  Menkaure (D:4)
  6 wargs
  13 swamp worms
  12 water moccasins
  3 acid dragons
  26 orc warriors
  2 hell hounds (Orc:2)
  An ice beast (D:8)
  4 black bears
  30 ogres
  20 wolves
  19 centaurs
  3 phantoms
  A kobold brigand (D:6)
  13 bullfrogs
  4 gnoll sergeants
  3 scorpions
  7 wights
  29 killer bees
  6 howler monkeys
  3 lava snakes (Volcano)
  A jelly (D:5)
  2 hounds (D:5)
  17 orc priests
  Ijyb (D:4)
  3 iguanas
  28 orc wizards
  2 sleepcaps
  Natasha (thrice) (D:4)
  5 hell rats (Lair:5)
  Robin (D:3)
  22 gnolls
  6 adders
  A worm (D:4)
  A dart slug (D:4)
  71 orcs
  2 endoplasms
  2 giant cockroaches (D:4)
  7 hobgoblins
  7 kobolds
  5 quokkas
  3 ball pythons
  3 bats
  3 frilled lizards
  15 goblins
  6 rats
775 creatures vanquished.

Vanquished Creatures (others)
  5 bloated husks
  A hornet (Swamp:3)
  A spriggan (Swamp:3)
  2 humans (Lair:3)
  A swamp drake (Swamp:4)
  An orc (Orc:1)
  11 foxfires (Swamp:4)
22 creatures vanquished.

Grand Total: 797 creatures vanquished

Table legend:
 A = Non-vault XP
 B = Vault XP
 C = Vault XP percentage of total XP
 D = Non-vault monster count
 E = Vault monster count
 F = Vault count percentage of total count
                 A         B        C        D         E       F
            +---------+---------+-------+---------+---------+-------
      Total |  131702 |   59918 |  31.3 |     586 |     189 |  24.4
            +---------+---------+-------+---------+---------+-------
        D:1 |      17 |       0 |   0.0 |      11 |       0 |   0.0
        D:2 |      14 |      20 |  58.8 |       9 |       5 |  35.7
        D:3 |      41 |     507 |  92.5 |      10 |      22 |  68.8
        D:4 |     370 |     514 |  58.1 |      17 |       7 |  29.2
        D:5 |    1003 |      35 |   3.4 |      22 |       1 |   4.3
        D:6 |     970 |       0 |   0.0 |      23 |       0 |   0.0
        D:7 |    2078 |     137 |   6.2 |      19 |       1 |   5.0
        D:8 |    1872 |    1718 |  47.9 |      18 |      10 |  35.7
        D:9 |    2060 |     229 |  10.0 |      17 |       1 |   5.6
       D:10 |    4167 |     928 |  18.2 |      28 |       1 |   3.4
       D:11 |    5236 |     482 |   8.4 |      17 |       8 |  32.0
       D:12 |    3887 |       0 |   0.0 |      16 |       0 |   0.0
       D:13 |    8228 |     856 |   9.4 |      25 |       1 |   3.8
       D:14 |   10317 |       0 |   0.0 |      28 |       0 |   0.0
       D:15 |    3045 |   10754 |  77.9 |       7 |      32 |  82.1
     Lair:1 |    5510 |    1487 |  21.3 |      25 |       9 |  26.5
     Lair:2 |    5361 |    5413 |  50.2 |      18 |      10 |  35.7
     Lair:3 |    5527 |    2068 |  27.2 |      20 |       5 |  20.0
     Lair:4 |    8540 |       0 |   0.0 |      29 |       0 |   0.0
     Lair:5 |   17866 |    7904 |  30.7 |      56 |      16 |  22.2
    Swamp:1 |    7907 |       0 |   0.0 |      16 |       0 |   0.0
    Swamp:2 |   13193 |       0 |   0.0 |      23 |       0 |   0.0
    Swamp:3 |   11464 |       0 |   0.0 |      26 |       0 |   0.0
    Swamp:4 |    1828 |    1524 |  45.5 |       4 |       2 |  33.3
      Orc:1 |    6030 |     871 |  12.6 |      48 |       1 |   2.0
      Orc:2 |    5171 |   19558 |  79.1 |      54 |      44 |  44.9
    Volcano |       0 |    4913 | 100.0 |       0 |      13 | 100.0
            +---------+---------+-------+---------+---------+-------

Skill      XL: |  1  2  3  4  5  6  7  8  9 10 11 12 13 14 15 16 17 |
---------------+----------------------------------------------------+-----
Shapeshifting  | 4 5 7 9 10 13 15 | 15.8
Unarmed Combat | 4 5 6 7 9 10 13 15 16 | 16.2
Fighting       | 7 9 10 15 17 | 17.0
Dodging        | 5 7 |  7.1
Spellcasting   | 4 |  4.3
Evocations     | 4 8 |  8.5

Action                     |  1- 3 |  4- 6 |  7- 9 | 10-12 | 13-15 | 16-18 || total
---------------------------+-------+-------+-------+-------+-------+-------++-------
  Melee: Unarmed           |    62 |    89 |   206 |   432 |   552 |   465 ||  1806
         Tailslap          |     5 |    13 |    27 |    27 |    76 |    71 ||   219
         Punch             |     1 |     4 |     8 |    10 |    47 |    42 ||   112
         Constrict         |       |       |       |    66 |       |       ||    66
         Bite              |       |       |       |    25 |    68 |    22 ||   115
 Invoke: Heavenly Storm    |       |       |       |       |     1 |       ||     1
Ability: Breathe Dispellin |       |       |    13 |     1 |     1 |     1 ||    16
         Lunge             |       |       |    17 |    45 |    49 |    29 ||   140
         Whirlwind         |       |       |     4 |    15 |    53 |    20 ||    92
    Use: Scroll            |       |    14 |     7 |     5 |     3 |     4 ||    33
         Potion            |       |       |     1 |     1 |     2 |       ||     4
   Stab: Distracted        |       |     1 |       |       |       |       ||     1
         Sleeping          |       |       |     1 |     1 |     3 |     2 ||     7
         Petrified         |       |       |       |     2 |       |       ||     2
 Armour: Skin              |    21 |    25 |    74 |   324 |   313 |   446 ||  1203
  Dodge: Dodged            |    22 |    44 |    89 |   256 |   305 |   414 ||  1130
   Form: Anaconda          |       |       |       |     1 |       |       ||     1
         Dragon            |       |       |       |     1 |       |       ||     1
         Statue            |       |       |       |       |       |     1 ||     1

Illustrated notes

Table legend:
 A = Kills in this place as a percentage of kills in the entire game.
 B = Kills by you in this place as a percentage of kills by you in the entire game.
 C = Kills by friends in this place as a percentage of kills by friends in the entire game.
 D = Other kills in this place as a percentage of other kills in the entire game.
 E = Experience gained in this place as a percentage of experience gained in the entire game.
 F = Experience gained in this place divided by the number of levels of this place that you have seen.
                   A       B       C       D       E      F
               +-------+-------+-------+-------+-------+----------------------
         Total | 100.0 | 100.0 |   N/A |   N/A | 100.0 | 6843.6
       Dungeon |  45.9 |  45.9 |   N/A |   N/A |  31.0 | 3965.7
          Lair |  24.3 |  24.3 |   N/A |   N/A |  31.1 | 11935.2
         Swamp |   9.2 |   9.2 |   N/A |   N/A |  18.7 | 8979.0
  Orcish Mines |  19.0 |  19.0 |   N/A |   N/A |  16.5 | 15815.0
       Volcano |   1.7 |   1.7 |   N/A |   N/A |   2.6 | 4913.0
               +-------+-------+-------+-------+-------+----------------------

Table legend: (Time is in decaauts)
 A = Elapsed time spent in this place.
 B = Non-inter-level travel time spent in this place.
 C = Inter-level travel time spent in this place.
 D = Time resting spent in this place.
 E = Time spent auto-exploring this place.
 F = Levels seen in this place.
 G = Mean time per level.
                   A        B        C        D        E       F      G
               +--------+--------+--------+--------+--------+-----+--------+
         Total |  29809 |  27997 |   1812 |   3895 |  20467 |  28 | 1064.6 |
       Dungeon |  16238 |  15122 |   1116 |   2323 |  10908 |  15 | 1082.5 |
        Temple |     20 |     10 |     10 |      0 |      0 |   1 |   20.0 |
          Lair |   6415 |   5951 |    464 |    859 |   4287 |   5 | 1283.0 |
         Swamp |   3867 |   3736 |    131 |    135 |   3131 |   4 |  966.8 |
  Orcish Mines |   2186 |   2098 |     88 |    354 |   1426 |   2 | 1093.0 |
       Volcano |   1080 |   1080 |      0 |    224 |    715 |   1 | 1080.0 |
               +--------+--------+--------+--------+--------+-----+--------+

Top non-repeatable levels by time:
     D:4: 1849 daAuts
 Swamp:3: 1510 daAuts
  Lair:4: 1500 daAuts
    D:10: 1484 daAuts
    D:11: 1407 daAuts
  Lair:5: 1329 daAuts
   Orc:2: 1291 daAuts
  Lair:3: 1262 daAuts
 Swamp:2: 1238 daAuts
     D:5: 1217 daAuts
  Lair:1: 1163 daAuts
  Lair:2: 1160 daAuts
    D:14: 1156 daAuts
 Swamp:1: 1097 daAuts
 Volcano: 1080 daAuts
